 Dungeon Crawl Stone Soup version 0.29.1 (webtiles) character file.

Game seed: 13840111209023559301

65 qw the Chopper (level 4, -4/28 HPs)
             Began as a Gargoyle Fighter on Sept 13, 2022.
             Killed from afar by Sigmund (10 damage)
             ... with a puff of flame
             ... on level 2 of the Dungeon.
             The game lasted 00:00:24 (1708 turns).

qw the Chopper (Gargoyle Fighter)                   Turns: 1708, Time: 00:00:24

Health: -4/28      AC: 10    Str: 22    XL:     4   Next: 13%
Magic:  4/4        EV:  9    Int:  8    God:
Gold:   25         SH:  4    Dex:  9    Spells: 3/3 levels left

rFire   . . .      SeeInvis .   Y - +0 war axe
rCold   . . .      Faith    .   c - +0 buckler
rNeg    + . .      Spirit   .   b - +0 scale mail
rPois   inf        Reflect  .   (no helmet)
rElec   +          Harm     .   (no cloak)
rCorr   .          Rampage  .   (no gloves)
Will    .....                   (no boots)
Stlth   ..........              (no amulet)
HPRegen 0.09/turn               (no ring)
MPRegen 0.09/turn               (no ring)

@: no status effects
A: sickness immunity, AC +3, negative energy resistance 1, electricity
resistance, torment resistance 1, petrification resistance
a: no special abilities


You were on level 2 of the Dungeon.
You visited 1 branch of the dungeon, and saw 2 of its levels.

You collected 25 gold pieces.


Innate Abilities, Weirdness & Mutations

You are immune to sickness and miasma.
Your stone body is resilient. (AC +3)
You are immune to poison.
You resist negative energy. (rN+)
You are resistant to electric shocks. (rElec)
You are resistant to unholy torment.
You are immune to petrification.


   Skills:
 - Level 3.2 Fighting
 + Level 3.9 Axes
 - Level 3.2 Armour
 - Level 3.2 Shields


You had 3 spell levels left.
You didn't know any spells.
Your spell library was empty.

Inventory:

Hand Weapons
 f - a +0 whip
 Y - a +0 war axe (weapon)
Missiles
 h - 4 boomerangs (quivered)
Armour
 b - a +0 scale mail (worn)
 c - a +0 buckler (worn)
Jewellery
 a - a ring of willpower
Scrolls
 g - 4 scrolls of identify
 j - a scroll of summoning {unknown}
Potions
 d - 4 potions of might
 e - a potion of mutation {unknown}
 i - 3 potions of curing {unknown}

Dungeon Overview and Level Annotations

Branches:
Dungeon (2/15)

Altars:

Annotations:
D:2 Sigmund


Message History

Sigmund is moderately wounded.
Sigmund hits you with a +3 scythe of venom.
You slash Sigmund!
Sigmund is severely wounded.
Sigmund closely misses you.
You hit Sigmund.
Sigmund is severely wounded.
You barely miss the worm.
Sigmund hits you with a +3 scythe of venom.
You closely miss Sigmund.
Sigmund is severely wounded.
You slash the worm! The worm bites you but does no damage.
Sigmund gestures wildly while chanting.
Sigmund flickers and vanishes!
Deactivating autopickup; reactivate with Ctrl-A.
You hit the worm but do no damage.
The worm is moderately wounded.
You miss something. You block the worm's attack.
You hear some strange, mumbled words.
A puff of flame appears from out of thin air!
The puff of flame misses you.
You barely miss the worm.
The worm is moderately wounded.
You closely miss something. Something hits you. The worm bites you.
You slash the worm!
The worm is severely wounded.
You barely miss something.
You hear some strange, mumbled words.
A magic dart appears from out of thin air!
The magic dart hits you! You block the worm's attack.
You slash the worm!
You kill the worm!
You hit something.
You hear some strange, mumbled words.
A puff of flame appears from out of thin air!
The puff of flame hits you!
You die...

############# #............
## ####.######## . ..
#.######## ..####.
#######.#....... .....
................ ...
#####...........
##.#.######.#.#.####.#
#...{@................
#.............#.###...
.......##.##....#.####.#
#.....[ #.##....#.......
....... #.##....#.##.... .
.......##.##....#.##...(
..#......................<..
.S.#.##.#...####...#...######
.............................


There were no monsters in sight!

Vanquished Creatures
  Jessica (D:2)
  2 adders (D:2)
  A worm (D:2)
  2 bats
  2 endoplasms
  A giant cockroach (D:1)
  2 goblins
  3 kobolds (D:1)
  A quokka (D:2)
  6 ball pythons
  A frilled lizard (D:2)
  A rat (D:2)
23 creatures vanquished.

Notes
Turn   | Place    | Note
-------+----------+-------------------------------------------
     0 | D:1      | qw the Gargoyle Fighter began the quest for the Orb.
     0 | D:1      | Reached XP level 1. HP: 14/14 MP: 1/1
     0 | D:1      | 0 ||| qw: Version: 0.1-a-119-g272c26d
     0 | D:1      | 0 ||| qw: Game counter: 11238
     0 | D:1      | 0 ||| qw: Always use a shield: true
     0 | D:1      | 0 ||| qw: God list: Okawaru
     0 | D:1      | 0 ||| qw: Allow faded altars: false
     0 | D:1      | 0 ||| qw: Do Orc after D:15 true
     0 | D:1      | 0 ||| qw: Do second Lair branch before Depths: true
     0 | D:1      | 0 ||| qw: Lair rune preference: random
     0 | D:1      | 0 ||| qw: Plans: Normal, Zot, God:TSO, Crypt, Tomb, Pan,
                  | Slime, Hells, Zig, Abyss, Orb
     0 | D:1      | 0 ||| PLANNING D:1-11
    95 | D:1      | Noticed a floating eye
    97 | D:1      | Found a faded altar of an unknown god.
   234 | D:1      | Noticed a floating eye
   238 | D:1      | Noticed a golden eye
   238 | D:1      | Noticed a shining eye
   749 | D:1      | Reached XP level 2. HP: 19/19 MP: 2/2
  1047 | D:1      | 1047 ||| READING scroll labelled UTECVIXKAD.
  1048 | D:1      | 1048 ||| READING scroll labelled DYCEYKH FOYVOE.
  1067 | D:2      | 1067 ||| Stepping ~*~*~tactically~*~*~ (stealth).
  1114 | D:2      | 1114 ||| DROPPING +0 club.
  1158 | D:2      | Noticed Jessica
  1162 | D:2      | Killed Jessica
  1163 | D:2      | Reached skill level 3 in Axes
  1163 | D:2      | Reached XP level 3. HP: 20/23 MP: 3/3
  1595 | D:2      | Reached XP level 4. HP: 28/28 MP: 4/4
  1697 | D:2      | Noticed Sigmund
  1707 | D:2      | HP: 6/28 [something/magic dart (7)]
  1708 | D:2      | Killed from afar by Sigmund

Levels and vault maps discovered:
D:1:      tarquinn_simple_flora_water_d, layout_basic,
          hellmonk_ecumenical_altar_watching_god
D:2:      layout_basic, uniq_natasha, uniq_sigmund, uniq_jessica

Skill      XL: |  1  2 |
---------------+-------+-----
Axes           | 2 3 |  3.9
Fighting       | |  3.2
Armour         | |  3.2
Shields        | |  3.2

Action                   |  1- 3 |  4- 6 || total
-------------------------+-------+-------++-------
Melee: War axe           |    64 |     9 ||    73
Throw: Boomerang         |    11 |       ||    11
  Use: Scroll            |     2 |       ||     2
Armor: Scale mail        |    38 |     1 ||    39
Dodge: Dodged            |    33 |     2 ||    35
Block: Buckler           |    11 |     2 ||    13

Table legend:
 A = Non-vault XP
 B = Vault XP
 C = Vault XP percentage of total XP
 D = Non-vault monster count
 E = Vault monster count
 F = Vault count percentage of total count
                 A         B        C        D         E       F
            +---------+---------+-------+---------+---------+-------
      Total |      61 |      37 |  37.8 |      22 |       1 |   4.3
            +---------+---------+-------+---------+---------+-------
        D:1 |      15 |       0 |   0.0 |       9 |       0 |   0.0
        D:2 |      46 |      37 |  44.6 |      13 |       1 |   7.1
            +---------+---------+-------+---------+---------+-------
